 Dungeon Crawl Stone Soup version 0.26-a0-1060-g086102a3f0 (webtiles) character file.

Game seed: 3729109127412590922

355 sahdkjhfkaj the Cleaver (level 6, 0/50 HPs)
             Began as a Hill Orc Gladiator on Dec 14, 2020.
             Was an Initiate of Beogh.
             Slain by an ogre
             ... wielding a +0 giant club
              (5 damage)
             ... on level 4 of the Dungeon.
             The game lasted 00:08:01 (5084 turns).

sahdkjhfkaj the Cleaver (Hill Orc Gladiator)        Turns: 5084, Time: 00:08:02

Health: 0/50       AC:  8    Str: 19    XL:     6   Next: 63%
Magic:  6/6        EV: 12    Int:  8    God:    Beogh [......]
Gold:   220        SH:  0    Dex: 18    Spells: 5/5 levels left

rFire    . . .     SeeInvis .   a - +2 dagger (elec)
rCold    . . .     Faith    .   (no shield)
rNeg     . . .     Spirit   .   l - +0 leather armour
rPois    .         Reflect  .   c - +0 helmet
rElec    .         Harm     .   (no cloak)
rCorr    .         Rampage  .   (no gloves)
Will     .....                  (no boots)
Stlth    +.........             (no amulet)
HPRegen  0.16/turn              q - +4 ring of protection
MPRegen  0.10/turn              i - +6 ring of dexterity

@: heavily drained
A: no striking features
a: Renounce Religion


You were on level 4 of the Dungeon.
You worshipped Beogh.
Beogh was noncommittal.
You visited 2 branches of the dungeon, and saw 5 of its levels.

You collected 220 gold pieces.

Inventory:

Hand Weapons
 a - a +2 dagger of electrocution (weapon)
   (You took it off a kobold on level 2 of the Dungeon)
 b - a +0 war axe
Missiles
 d - 3 throwing nets (quivered) {!f}
Armour
 c - a +0 helmet (worn)
 l - a +0 leather armour (worn)
Jewellery
 i - a +6 ring of dexterity (right hand)
   (You found it on level 1 of the Dungeon)
 q - a +4 ring of protection (left hand)
   (You found it on level 4 of the Dungeon)
Wands
 m - a wand of polymorph (3)
   (You found it on level 2 of the Dungeon)
 x - a wand of acid (7)
   (You found it on level 4 of the Dungeon)
Scrolls
 g - 3 scrolls of remove curse {@r2}
 k - a scroll of enchant armour
 n - 2 scrolls of magic mapping
Potions
 e - 3 potions of degeneration {!q}
 f - a potion of haste {@q3}
 h - a potion of brilliance
 o - a potion of lignification {unknown}
 p - a potion of curing {unknown}


   Skills:
 - Level 2.4(1.3) Fighting
 + Level 9.5(8.1) Axes
 - Level 1.7(0.6) Throwing
 - Level 2.4(1.3) Dodging
 - Level 0.2(0.0) Invocations


You had 5 spell levels left.
You didn't know any spells.
Your spell library contained the following spells:

 Spells                   Type           Power        Failure   Level
 Magic Dart               Conj           #...         45%         1
 Searing Ray              Conj           #.....       61%         2
 Dazzling Flash           Conj/Hex       #.....       83%         3
 Fulminant Prism          Conj/Hex       #.........   99%         4
 Iskenderun's Mystic Bla  Conj/Tloc      #.......     99%         4


Dungeon Overview and Level Annotations

Branches:
Dungeon (4/15)             Temple (1/1) D:4

Altars:
Ashenzari
Dithmenos
Fedhas
Gozag
Hepliaklqana
Makhleb
Nemelex Xobeh
Okawaru
Qazlal
Trog
Uskayaw
Wu Jian
Zin
The Shining One


Message History

Found a stone staircase leading down.
Okay, then.
There is an escape hatch in the floor here.
You see here an uncursed ring of stealth.
Found a scroll of remove curse.
Found a scroll of identify.
j - a scroll of identify {@r1}
g - 3 scrolls of remove curse {@r2} (gained 1)
Found a falchion.
As you read the scroll of identify {@r1}, it crumbles to dust.
h - a potion of brilliance You see here a falchion.
Found a stone staircase leading down.
You see here 13 poisoned darts.
Key pressed, stopping explore.
The ogre shouts!
An ogre is nearby!
An ogre is nearby!
An ogre is nearby!
An ogre is nearby!
Okay, then.
You hit the ogre.
The ogre hits you with a +0 giant club!!
Ouch! That really hurt!
* * * LOW HITPOINT WARNING * * *
There is a stone staircase leading up here.
Aim: an ogre, wielding a +0 giant club (will become a water moccasin, a bullfrog, or a hornet, chance to affect: 46%)
Okay, then.
You climb upwards.
There is a stone staircase leading down here.
You start resting.
There is a stone staircase leading down here.
You climb downwards.
There is a stone staircase leading up here.
An ogre is nearby!
An ogre is nearby!
An ogre is nearby!
An ogre is nearby!
The ogre shouts!
You completely miss the ogre.
The ogre hits you with a +0 giant club!!
You barely miss the ogre. The ogre hits you with a +0 giant club!
The ogre hits you with a +0 giant club!
* * * LOW HITPOINT WARNING * * *
Okay, then.
The ogre hits you with a +0 giant club!
* * * LOW HITPOINT WARNING * * *
There is a stone staircase leading up here.
The ogre hits you with a +0 giant club.
You die...

#.## #..##
#...##...###..###...
#..####..#
#..####...##.## #...
##.......# ##..#
#.......# #... #.......##
##..## #.......###.#.
...####..###...##
#..........### ...#
#...#.....####..#####...#
...####...........#...#
##...#
....#...###....O#....##
#..#.#
.........###...#@....#
#.#..###
....##...###.<...(.#.#
##....#.
....###...###...###.##
#..##.. ....# ###..##..##
### #####..
....######.>#..# #>.
..............## ###
..(.........#..#
......####....## ......#
#...##


You could see an ogre.

Vanquished Creatures
  2 scorpions (D:4)
  A hound (D:4)
  3 worker ants
  5 adders
  3 gnolls (D:2)
  An ooze (D:4)
  2 worms
  A dart slug (D:1)
  3 leopard geckos
  7 orcs
  6 bats
  5 giant cockroaches
  2 goblins
  8 hobgoblins
  4 jackals (D:3)
  3 quokkas
  A ball python (D:1)
  4 kobolds
  12 rats
73 creatures vanquished.

Notes
Turn   | Place    | Note
-------+----------+-------------------------------------------
     0 | D:1      | sahdkjhfkaj the Hill Orc Gladiator began the quest for the
                  | Orb.
     0 | D:1      | Reached XP level 1. HP: 18/18 MP: 1/1
    75 | D:1      | Reached XP level 2. HP: 25/25 MP: 2/2
   188 | D:1      | Reached skill level 5 in Axes
   717 | D:2      | Reached XP level 3. HP: 26/30 MP: 3/3
   916 | D:2      | Reached skill level 6 in Axes
  1056 | D:2      | Found a shadowy altar of Dithmenos.
  1158 | D:2      | Reached XP level 4. HP: 23/37 MP: 4/4
  1439 | D:2      | Noticed a moth of wrath
  1442 | D:2      | Found a bloodstained altar of Trog.
  1664 | D:2      | Found a hazy altar of Hepliaklqana.
  1766 | D:2      | Reached skill level 7 in Axes
  2200 | D:3      | Found a broken altar of Ashenzari.
  2202 | D:3      | Found a sparkling altar of Nemelex Xobeh.
  2208 | D:3      | Reached XP level 5. HP: 42/42 MP: 5/5
  2552 | D:3      | Became a worshipper of Beogh the Brigand
  2691 | D:3      | Found an ornate altar of the Wu Jian Council.
  2860 | D:4      | Reached skill level 8 in Axes
  2909 | D:4      | Reached XP level 6. HP: 23/50 MP: 6/6
  3479 | D:4      | Found a staircase to the Ecumenical Temple.
  3484 | D:4      | Noticed Ijyb
  3485 | D:4      | Noticed Ijyb
  3485 | D:4      | Ijyb changed into Ijyb the worker ant
  3494 | D:4      | Killed Ijyb the worker ant
  3495 | D:4      | Reached skill level 9 in Axes
  3508 | D:4      | Got an encrusted whip
  3523 | D:4      | Identified the +5 whip of Skirmishing {venom, rC- Int+4
                  | Dex+2} (You found it on level 4 of the Dungeon)
  3530 | Temple   | Entered the Ecumenical Temple
  5061 | D:4      | HP: 1/50 [ogre/+0 giant club (11)]
  5084 | D:4      | Slain by an ogre

Illustrated notes

Levels and vault maps discovered:
D:1:      onia_arrival_handbag, layout_loops_cross, minmay_stone_trees_small
D:2:      layout_loops_ring, general_overflow_altar, tgw_trog,
          grunt_dithmenos_smoke_and_mirrors
D:3:      layout_rooms, lemuel_doored_altar, grunt_temple_overflow_open
D:4:      layout_layer_cave, minmay_temple_entry_arrows, uniq_ijyb
Temple:   nicolae_temple_figure_zero

Skill      XL: |  1  2  3  4  5  6 |
---------------+-------------------+-----
Axes           | 5 6 7 8 9 |  9.5
Fighting       | |  2.4
Throwing       | |  1.7
Dodging        | |  2.4
Invocations    | |  0.2

Action                   |  1- 3 |  4- 6 || total
-------------------------+-------+-------++-------
Melee: War axe           |    68 |       ||    68
       Dagger            |    13 |   141 ||   154
Invok: Convert to Beogh  |       |     1 ||     1
Evoke: Wand              |       |     1 ||     1
  Use: Scroll            |     2 |     6 ||     8
 Stab: Sleeping          |       |     3 ||     3
       Distracted        |       |     1 ||     1
Armor: Leather armour    |    35 |    17 ||    52
Dodge: Dodged            |    60 |    83 ||   143

Table legend: (Time is in decaauts)
 A = Elapsed time spent in this place.
 B = Non-inter-level travel time spent in this place.
 C = Inter-level travel time spent in this place.
 D = Time resting spent in this place.
 E = Time spent auto-exploring this place.
 F = Levels seen in this place.
 G = Mean time per level.
                   A        B        C        D        E       F      G
               +--------+--------+--------+--------+--------+-----+--------+
         Total |   5099 |   4999 |    100 |    468 |   3712 |   5 | 1019.8 |
       Dungeon |   4861 |   4770 |     91 |    468 |   3484 |   4 | 1215.2 |
        Temple |    238 |    229 |      9 |      0 |    228 |   1 |  238.0 |
               +--------+--------+--------+--------+--------+-----+--------+

Top non-repeatable levels by time:
     D:4: 1737 daAuts
     D:2: 1524 daAuts
     D:3: 930 daAuts
     D:1: 668 daAuts
  Temple: 238 daAuts
